 Dungeon Crawl Stone Soup version 0.23-a0-677-g07611c5 (console) character file.

403 Duffy the Firebug (level 6, 23/41 HPs)
             Began as a Demonspawn Fire Elementalist on Jan 9, 2019.
             Quit the game on level 4 of the Dungeon.
             The game lasted 00:03:40 (4039 turns).

Duffy the Firebug (Demonspawn Fire Elementalist)    Turns: 4039, Time: 00:03:41

Health: 23/41      AC:  8    Str:  9    XL:     6   Next: 55%
Magic:  5/11       EV: 13    Int: 18    God:
Gold:   171        SH:  0    Dex: 13    Spells: 4/12 levels left

rFire    + . .     SeeInvis .   m - +4 dagger (venom)
rCold    . . .     Gourm    .   (no shield)
rNeg     . . .     Faith    +   a - +0 robe
rPois    .         Spirit   .   e - +1 helmet
rElec    .         Reflect  .   (no cloak)
rCorr    .         Harm     .   (no gloves)
MR       .....     Rnd*Tele +   (no boots)
Stlth    ++........             h - amulet of faith
HPRegen  0.13/turn              f - ring of teleportation (curse)
MPRegen  0.12/turn              (no ring)

@: no status effects
A: iridescent scales 2, fire resistance 1
a: no special abilities


You were on level 4 of the Dungeon.
You were near starving.

You visited 1 branch of the dungeon, and saw 4 of its levels.

You collected 171 gold pieces.

Inventory:

Hand Weapons
 m - a +4 dagger of venom (weapon)
Armour
 a - a +0 robe (worn)
 d - a +1 hat
 e - a +1 helmet (worn)
 l - a +1 ring mail of fire resistance
Jewellery
 f - a cursed ring of teleportation (left hand)
 h - an amulet of faith (around neck)
Scrolls
 g - 2 scrolls of fog
 j - 2 scrolls of amnesia
Potions
 b - 2 potions of curing
 i - 2 potions of lignification
 k - a potion of agility {unknown}
 o - 2 potions of berserk rage
Comestibles
 c - 6 rations


   Skills:
 - Level 2.4 Dodging
 - Level 1.7 Stealth
 + Level 3.7 Spellcasting
 + Level 4.1 Conjurations
 + Level 4.2 Fire Magic


You had 4 spell levels left.
You knew the following spells:

 Your Spells              Type           Power        Failure   Level  Hunger
h - Flame Tongue          Conj/Fire      ###..        2%          1    None
j - Sticky Flame          Conj/Fire      ###.....     26%         4    ####...
l - Conjure Flame         Conj/Fire      ###.....     9%          3    ###....

Your spell library contained the following spells:

 Spells                   Type           Power        Failure   Level  Hunger
 Throw Flame              Conj/Fire      ###...       4%          2    ##.....
 Corona                   Hex            #......      16%         1    None
 Dazzling Spray           Conj/Hex       ##....       19%         3    ###....
 Inner Flame              Hex/Fire       ##......     19%         3    ###....
 Ensorcelled Hibernation  Hex/Ice        #.....       22%         2    ##.....
 Confuse                  Hex            #.......     41%         3    ###....
 Tukima's Dance           Hex            #.......     41%         3    ###....
 Fireball                 Conj/Fire      ###.......   58%         5    ######.


Dungeon Overview and Level Annotations

Branches:
Dungeon (4/15)
 Temple: D:4-7

Altars:
Qazlal


Innate Abilities, Weirdness & Mutations

You are mostly covered in iridescent scales. (AC +4)
Your flesh is heat resistant. (rF+)


Message History

[Y]es or [N]o only, please.
The spell is quite dangerous to cast (36% risk of failure)!
Continue anyway?
Aiming: Sticky Flame (quite dangerous; 36% risk of failure)
Press: ? - help, Shift-Dir - straight line The sticky flame hits something.
Sigmund is covered in liquid flames!
You are near starving!
Sigmund burns!
Sigmund hits you with a +0 scythe!
You hit Sigmund but do no damage.
Sigmund looks as sick as possible!
Sigmund is almost dead.
Sigmund burns!
You kill Sigmund!
Reactivating autopickup.
Your Conjurations skill increases to level 4!
Your Fire Magic skill increases to level 4!
You have reached level 6!
Your experience leads to an increase in your attributes!
Increase (S)trength, (I)ntelligence, or (D)exterity?
You feel clever.
Your demonic ancestry asserts itself...
You feel resistant to heat.
Are you sure you want to abandon this character and quit the game? (Confirm

#######
#.....#
#.....#
#.....#
#.....#
#....@#
#...).#
#.....#
#.....#
#.....#
#.....#
#.....#
#.....#


There were no monsters in sight!

Vanquished Creatures
  Sigmund (D:4)
  An ogre (D:3)
  5 adders
  An adder skeleton (D:2)
  3 worms
  4 dart slugs
  A leopard gecko (D:2)
  5 orcs (D:3)
  4 giant cockroaches
  9 goblins
  16 hobgoblins
  10 kobolds
  A quokka (D:3)
  10 bats
  8 frilled lizards
  9 rats
88 creatures vanquished.

Notes
Turn   | Place    | Note
-------+----------+-------------------------------------------
     0 | D:1      | Duffy the Demonspawn Fire Elementalist began the quest for
                  | the Orb.
     0 | D:1      | Reached XP level 1. HP: 13/13 MP: 3/3
   315 | D:1      | Gained mutation: You are partially covered in iridescent
                  | scales. (AC +2) [demonic ancestry]
   315 | D:1      | Reached XP level 2. HP: 19/19 MP: 3/5
   848 | D:1      | Gained mutation: You are mostly covered in iridescent
                  | scales. (AC +4) [demonic ancestry]
   848 | D:1      | Reached XP level 3. HP: 24/24 MP: 6/6
   853 | D:1      | Learned a level 3 spell: Conjure Flame
  1983 | D:2      | Found a stormy altar of Qazlal.
  2122 | D:2      | Reached XP level 4. HP: 30/30 MP: 7/7
  3196 | D:3      | Reached XP level 5. HP: 33/35 MP: 9/9
  3360 | D:3      | Learned a level 4 spell: Sticky Flame
  3466 | D:3      | Noticed an ogre
  3493 | D:3      | Killed an ogre
  4029 | D:4      | Noticed Sigmund
  4038 | D:4      | Killed Sigmund
  4038 | D:4      | Gained mutation: Your flesh is heat resistant. (rF+)
                  | [demonic ancestry]
  4038 | D:4      | Reached XP level 6. HP: 23/41 MP: 5/11
  4039 | D:4      | Quit the game

Vault maps used:
D:1:      sevenhm_arrival_forest_fort_large_1, minmay_cupped
D:2:      grunt_qazlal_sundering
D:4:      kennysheep_decorative_pillar, uniq_sigmund

Skill      XL: |  1  2  3  4  5 |
---------------+----------------+-----
Conjurations   | 2 3 4 |  4.1
Dodging        | 2 |  2.4
Fire Magic     | 3 4 |  4.2
Spellcasting   | 3 |  3.7
Stealth        | |  1.7

Action                   |  1- 3 |  4- 6 || total
-------------------------+-------+-------++-------
Melee: Dagger            |    83 |   119 ||   202
 Cast: Flame Tongue      |    31 |     5 ||    36
       Sticky Flame      |       |     1 ||     1
  Use: Scroll            |     7 |     6 ||    13
 Stab: Sleeping          |     4 |     5 ||     9
  Eat: Chunk             |     4 |     5 ||     9
Armor: Robe              |    32 |    36 ||    68
Dodge: Dodged            |    62 |    62 ||   124

Table legend:
 A = Non-vault XP
 B = Vault XP
 C = Vault XP percentage of total XP
 D = Non-vault monster count
 E = Vault monster count
 F = Vault count percentage of total count
                 A         B        C        D         E       F
            +---------+---------+-------+---------+---------+-------
      Total |     338 |     238 |  41.3 |      82 |       6 |   6.8
            +---------+---------+-------+---------+---------+-------
        D:1 |      51 |       7 |  12.1 |      31 |       5 |  13.9
        D:2 |      76 |       0 |   0.0 |      26 |       0 |   0.0
        D:3 |     210 |       0 |   0.0 |      24 |       0 |   0.0
        D:4 |       1 |     231 |  99.6 |       1 |       1 |  50.0
            +---------+---------+-------+---------+---------+-------
